 Dungeon Crawl Stone Soup version 0.23.2-1-ga50397a (webtiles) character file.

Game seed: 15923463228765436060

19361 Aldia the Grappler (level 12, -2/119 HPs)
             Began as a Troll Monk on May 29, 2019.
             Slain by a spectral eight-headed hydra (10 damage)
             ... in a Gauntlet.
             The game lasted 00:30:29 (10900 turns).

Aldia the Grappler (Troll Monk)                    Turns: 10900, Time: 00:30:30

Health: -2/119     AC: 11    Str: 25    XL:     12   Next: 35%
Magic:  20/20      EV: 11    Int:  6    God:
Gold:   560        SH:  0    Dex: 13    Spells: 6/11 levels left

rFire    + . .     SeeInvis .     - Unarmed
rCold    . . .     Gourm    +   c - +0 shield
rNeg     . . .     Faith    .   C - +2 robe {rF+}
rPois    .         Spirit   .   (helmet restricted)
rElec    .         Reflect  .   x - +2 cloak {MR+}
rCorr    .         Harm     .   (gloves unavailable)
MR       +....     NoTele   +   (boots unavailable)
Stlth    +.........             (no amulet)
HPRegen  0.69/turn              H - ring of magical power
MPRegen  0.17/turn              (no ring)

@: confused, slowed, drained, very slow
A: large, unfitting armour, claws 3, fast metabolism 3, gourmand, regeneration
1, shaggy fur 1, tough skin 3
a: no special abilities


You were in a Gauntlet.
You were very full.

You visited 3 branches of the dungeon, and saw 13 of its levels.
You also visited: Sewer and Gauntlet.

You collected 750 gold pieces.
You spent 190 gold pieces at shops.

Inventory:

Hand Weapons
 y - a +1 scimitar of flaming
Missiles
 l - 8 javelins
 z - 15 large rocks
 D - 9 javelins of penetration (quivered)
Armour
 c - a +0 shield (worn)
 x - a +2 cloak of magic resistance (worn)
 C - a +2 robe of fire resistance (worn)
 K - a +2 hat of see invisible
Jewellery
 H - a ring of magical power (left claw)
Wands
 a - a wand of acid (9)
 m - a wand of disintegration (6)
 o - a wand of digging (6)
 B - a wand of paralysis (8)
 E - a wand of flame (22)
 F - a wand of clouds (4)
 G - a wand of iceblast (29)
Scrolls
 d - 5 scrolls of remove curse
 e - a scroll of amnesia
 h - 3 scrolls of enchant weapon
 i - a scroll of identify
 s - 3 scrolls of fog
 w - 4 scrolls of immolation
Potions
 f - 2 potions of might
 g - 2 potions of flight
 j - 2 potions of invisibility
 k - 4 potions of brilliance
 n - a potion of curing
 p - a potion of agility
 q - a potion of lignification
 r - a potion of resistance
 t - a potion of berserk rage
 v - a potion of mutation
 A - a potion of haste
Comestibles
 b - 37 rations
 I - 8 chunks of flesh


   Skills:
 - Level 8.0(6.8) Fighting
 + Level 2.9(1.8) Throwing
 - Level 6.0(4.9) Dodging
 - Level 1.0(0.0) Stealth
 + Level 7.3(6.1) Shields
 * Level 14.4(13.0) Unarmed Combat
 + Level 0.0 Translocations


You had 6 spell levels left.
You knew the following spells:

 Your Spells              Type           Power        Failure   Level  Hunger
a - Blink                 Tloc           N/A          80%         2    ###....
b - Conjure Flame         Conj/Fire      #.......     95%         3    ####...

Your spell library contained the following spells:

 Spells                   Type           Power        Failure   Level  Hunger
 Magic Dart               Conj           #...         65%         1    ##.....
 Call Imp                 Summ           #.......     80%         2    ###....
 Searing Ray              Conj           #.....       80%         2    ###....
 Slow                     Hex            #.......     80%         2    ###....
 Dazzling Spray           Conj/Hex       #.....       95%         3    ####...
 Mephitic Cloud           Conj/Pois/Air  #.......     95%         3    ####...
 Force Lance              Conj/Tloc      #.......     100%        4    #####..
 Fulminant Prism          Conj/Hex       #.........   100%        4    #####..
 Iskenderun's Mystic Bla  Conj           #.......     100%        4    #####..


Dungeon Overview and Level Annotations

Branches:
Dungeon (11/15)            Temple (1/1) D:5            Lair (1/6) D:11
    Orc (0/2) D:9

Altars:
Ashenzari
Elyvilon
Gozag
Kikubaaqudgha
Makhleb
Qazlal
Ru
Trog
Vehumet
Wu Jian
Yredelemnul
Zin
The Shining One

Shops:
D:6 [   D:8 *   D:9 ?(

Annotations:
D:7 exclusion: statue Gauntlet 9 transporters, 3 runed translucent doors, exclusion: lightning spire


Innate Abilities, Weirdness & Mutations

You are too large for most types of armour.
You have claws for hands.
Your metabolism is lightning-fast.
You like to eat raw meat.
Your natural rate of healing is unusually fast.
You are covered in fur. (AC +1)
You have extremely tough skin. (AC +3)


Message History

The death scarab bites you but does no damage.
The death scarab barely misses you.
The spectral eight-headed hydra bites you!
* * * LOW HITPOINT WARNING * * *
The spectral eight-headed hydra barely misses you.
The spectral eight-headed hydra bites you.
* * * LOW HITPOINT WARNING * * *
The spectral eight-headed hydra bites you but does no damage. x2
The spectral eight-headed hydra bites you.
* * * LOW HITPOINT WARNING * * *
The spectral eight-headed hydra bites you but does no damage.
The spectral eight-headed hydra bites you.
* * * LOW HITPOINT WARNING * * *
The spectral eight-headed hydra barely misses you.
The spectral eight-headed hydra bites you but does no damage.
The spectral eight-headed hydra bites you.
* * * LOW HITPOINT WARNING * * *
The spectral eight-headed hydra bites you but does no damage.
The spectral eight-headed hydra bites you!
You die...

#≈≈.###.#.#.#.#.#####.
##≈.#©..#24.#.#h.....^
##.#########.########
##≈....#©.........©#..
#≈≈..⌠.#.⌠.⌠.⌠.⌠.⌠.#.⌠
##≈....#©.........©#..
##.##################
##≈.#.Z.©...#.###$©)45
#≈≈.#@.#....#.###.###5
##≈.#.###...#.#4#^.##5
##.#s.#©#..#.#5..©..5
##≈.#...###.#.#5##.^#5
#≈≈.#....#..#.#5###.##
##≈.#.......#.#5....##
##.#########.########
##≈....#©.........©#..
#≈≈..⌠.#.⌠.⌠.⌠.⌠.⌠.#.⌠


You could see a green death, an orange demon, a spectral eight-headed hydra and
a death scarab.

Vanquished Creatures
  Snorg (D:10)
  Erolcha (D:9)
  2 hydras
  Erica (D:9)
  An unseen horror (D:10)
  2 cyclopes (D:11)
  Maurice (D:9)
  Joseph (D:9)
  A gargoyle (D:11)
  3 elephants (Gauntlet)
  A torpor snail (Gauntlet)
  A kobold demonologist (D:11)
  A troll (D:7)
  The ghost of havocjr3 the Shield-Bearer, an amateur GnFi (D:4)
  A queen bee (D:9)
  3 hippogriffs
  2 wyverns (D:11)
  13 yaks
  A steam dragon (D:11)
  2 hungry ghosts
  Menkaure (D:5)
  2 wargs (D:11)
  2 water moccasins (Lair:1)
  2 porcupines (Lair:1)
  A black bear (D:10)
  2 ice beasts
  A sky beast (D:8)
  5 orc warriors
  A phantom (D:7)
  A necrophage (D:10)
  An eye of draining (D:10)
  12 ogres
  3 wolves (Lair:1)
  7 centaurs
  A crocodile (D:10)
  6 big kobolds
  10 bullfrogs
  A scorpion (D:5)
  25 killer bees
  4 howler monkeys
  2 bullfrog zombies (D:10)
  A centaur zombie (D:5)
  5 crimson imps
  3 quasits
  6 hounds
  4 jellies
  10 orc priests
  A bullfrog skeleton (D:6)
  2 centaur skeletons
  7 iguanas
  10 orc wizards
  9 worker ants
  A howler monkey zombie (D:5)
  2 howler monkey skeletons
  9 adders
  A river rat (Sewer)
  3 shadow imps
  7 oozes (D:3)
  An adder skeleton (D:10)
  A worm (D:5)
  3 dart slugs
  6 leopard geckos
  43 orcs
  A ball python (D:1)
  8 giant cockroaches
  4 goblins
  4 hobgoblins
  14 jackals
  7 quokkas
  2 bats
  5 frilled lizards
  27 kobolds
  A leopard gecko skeleton (D:8)
  14 rats
352 creatures vanquished.

Vanquished Creatures (others)
  A human (D:2)
  11 toadstools (D:3)
12 creatures vanquished.

Grand Total: 364 creatures vanquished

Notes
Turn   | Place    | Note
-------+----------+-------------------------------------------
     0 | D:1      | Aldia the Troll Monk began the quest for the Orb.
     0 | D:1      | Reached XP level 1. HP: 22/22 MP: 0/0
   362 | D:1      | Reached XP level 2. HP: 29/29 MP: 1/1
   922 | D:2      | Found an ancient bone altar of Kikubaaqudgha.
   922 | D:2      | Noticed a human
   926 | D:2      | Killed a human
  1095 | D:2      | Reached XP level 3. HP: 36/36 MP: 2/2
  1361 | D:3      | Found a stormy altar of Qazlal.
  1367 | D:3      | Found a basalt altar of Yredelemnul.
  1367 | D:3      | Found a white marble altar of Elyvilon.
  1367 | D:3      | Found a glowing golden altar of the Shining One.
  1368 | D:3      | Found a burning altar of Makhleb.
  1564 | D:3      | Reached skill level 4 in Unarmed Combat
  1780 | D:3      | Reached XP level 4. HP: 40/45 MP: 3/3
  1961 | D:4      | Reached XP level 5. HP: 49/53 MP: 4/4
  2066 | D:4      | Found a transporter.
  2067 | D:4      | Noticed havocjr3's ghost (amateur GnFi)
  2437 | D:4      | Found a transporter.
  2524 | D:4      | Reached skill level 5 in Unarmed Combat
  2549 | D:4      | Killed havocjr3's ghost
  2549 | D:4      | Reached XP level 6. HP: 30/62 MP: 5/5
  2606 | D:5      | Entered Level 5 of the Dungeon
  2654 | D:5      | Reached skill level 6 in Unarmed Combat
  2658 | D:5      | Reached XP level 7. HP: 53/68 MP: 6/6
  2670 | D:5      | Found a staircase to the Ecumenical Temple.
  2672 | D:5      | Noticed Menkaure
  2682 | D:5      | Killed Menkaure
  2721 | Temple   | Entered the Ecumenical Temple
  2927 | D:5      | Found a glowing silver altar of Zin.
  3049 | D:5      | Reached skill level 7 in Unarmed Combat
  3176 | D:5      | Found a glowing drain.
  3183 | D:5      | Reached XP level 8. HP: 79/79 MP: 7/7
  3190 | Sewer    | Entered a sewer
  3303 | Sewer    | Found a white marble altar of Elyvilon.
  3580 | D:6      | Reached skill level 5 in Dodging
  3580 | D:6      | Reached skill level 8 in Unarmed Combat
  3677 | D:6      | Reached skill level 5 in Fighting
  3816 | D:6      | Found Beavvol's Armour Shoppe.
  3826 | D:6      | Bought a +0 cloak of magic resistance for 138 gold pieces
  4193 | D:6      | Found a basalt altar of Yredelemnul.
  4459 | D:6      | Reached skill level 1 in Shields
  4482 | D:6      | Reached XP level 9. HP: 49/88 MP: 8/8
  4706 | D:7      | Reached skill level 9 in Unarmed Combat
  4766 | D:7      | Noticed a troll
  4778 | D:7      | Killed a troll
  4955 | D:7      | Learned a level 2 spell: Blink
  4959 | D:7      | Learned a level 3 spell: Conjure Flame
  5523 | D:7      | Found a radiant altar of Vehumet.
  5972 | D:8      | Reached skill level 10 in Unarmed Combat
  6059 | D:8      | Found Foskesm's General Store.
  6339 | D:8      | Reached XP level 10. HP: 92/98 MP: 9/9
  6839 | D:9      | Noticed Erolcha
  6845 | D:9      | Noticed Erica
  6853 | D:9      | Killed Erolcha
  6857 | D:9      | Killed Erica
  6857 | D:9      | Reached skill level 11 in Unarmed Combat
  6928 | D:9      | Noticed Joseph
  7067 | D:9      | Found Popsouho's Weapon Boutique.
  7068 | D:9      | Found a staircase to the Orcish Mines.
  7267 | D:9      | Found a glowing silver altar of Zin.
  7293 | D:9      | Noticed a seven-headed hydra
  7304 | D:9      | Killed a one-headed hydra
  7588 | D:9      | Found Zirel's Magic Scroll Boutique.
  7596 | D:9      | Bought a scroll of identify for 26 gold pieces
  7598 | D:9      | Bought a scroll of identify for 26 gold pieces
  7811 | D:9      | Killed Joseph
  7811 | D:9      | Reached skill level 5 in Shields
  7825 | D:9      | Reached XP level 11. HP: 80/109 MP: 10/10
  7833 | D:9      | Reached skill level 12 in Unarmed Combat
  8165 | D:9      | Noticed Maurice
  8199 | D:9      | Killed Maurice
  8500 | D:10     | Entered Level 10 of the Dungeon
  8755 | D:10     | Noticed a four-headed hydra
  8763 | D:10     | Killed a three-headed hydra
  8872 | D:10     | Noticed Snorg
  8886 | D:10     | Killed Snorg
  9030 | D:10     | Killed an unseen horror
  9087 | D:10     | Reached skill level 13 in Unarmed Combat
  9821 | D:11     | Reached XP level 12. HP: 88/119 MP: 11/11
  9840 | D:11     | Reached skill level 1 in Throwing
  9907 | D:11     | Reached skill level 14 in Unarmed Combat
 10213 | D:11     | Found a staircase to the Lair.
 10337 | Lair:1   | Entered Level 1 of the Lair of Beasts
 10511 | Lair:1   | Found a gate leading to a gauntlet.
 10518 | Gauntlet | Entered a Gauntlet
 10518 | Gauntlet | Found a transporter.
 10518 | Gauntlet | Found a transporter.
 10536 | Gauntlet | Found a transporter.
 10554 | Gauntlet | Found a transporter.
 10555 | Gauntlet | Found a transporter.
 10567 | Gauntlet | Found a transporter.
 10568 | Gauntlet | Found a transporter.
 10571 | Gauntlet | Found a runed translucent door.
 10571 | Gauntlet | Found a runed translucent door.
 10575 | Gauntlet | Found a transporter.
 10588 | Gauntlet | Noticed a green death
 10590 | Gauntlet | Found a transporter.
 10594 | Gauntlet | Found a runed translucent door.
 10608 | Gauntlet | Found a transporter.
 10609 | Gauntlet | Found a transporter.
 10617 | Gauntlet | Found a transporter.
 10849 | Gauntlet | Noticed a death scarab
 10900 | Gauntlet | Slain by a spectral eight-headed hydra

Skill      XL: |  1  2  3  4  5  6  7  8  9 10 11 12 |
---------------+-------------------------------------+-----
Unarmed Combat | 4 5 6 7 8 10 11 13 14 | 14.4
Fighting       | 3 4 5 6 7 8 |  8.0
Dodging        | 3 4 5 6 |  6.0
Shields        | 1 3 5 6 7 |  7.3
Throwing       | 2 |  2.9
Stealth        | |  1.0

Action                   |  1- 3 |  4- 6 |  7- 9 | 10-12 || total
-------------------------+-------+-------+-------+-------++-------
Melee: Unarmed           |   105 |   102 |   333 |   532 ||  1072
       Punch             |       |     1 |    15 |    20 ||    36
       Scimitar          |       |       |       |    11 ||    11
Evoke: Wand              |       |       |       |     4 ||     4
  Use: Scroll            |     3 |    10 |     7 |     8 ||    28
       Potion            |       |     2 |       |    12 ||    14
 Stab: Sleeping          |     1 |     1 |     4 |     4 ||    10
       Invisible         |       |       |       |     1 ||     1
  Eat: Chunk             |    20 |    10 |    41 |    47 ||   118
       Ration            |       |       |     2 |       ||     2
Armor: Robe              |    31 |    39 |   118 |   204 ||   392
       Skin              |       |       |       |    32 ||    32
Dodge: Dodged            |    60 |    47 |   177 |   373 ||   657
Block: Shield            |       |       |       |    46 ||    46
       Rpst.: Scimitar   |       |       |       |     1 ||     1
